[Event "Titled Tuesday Blitz December 27 Late 2022"]
[White "Sos Andreu, Eric"]
[Black "Oro, Faustino"]
[WhiteFideId "22247017"]
[BlackFideId "20000197"]
[WhiteElo "2352"]
[BlackElo "2269"]
[Result "0-1"]
[Round "08"]
[TimeControl "180+2"]
[Date "2022.12.27"]
[WhiteClock "0:00:01"]
[BlackClock "0:00:03"]

1. d4 Nf6 2. c4 e6 3. Nf3 d5 4. g3 Be7 5. Bg2 O-O 6. O-O dxc4 7. Ne5 Nc6 8. Bxc6 bxc6 9. Nxc6 Qd7 10. Nxe7+ Qxe7 11. Qa4 c5 12. Qa3 Bb7 13. Nc3 Rfc8 14. Na4 e5 15. dxc5 Qd7 16. Be3 Qh3 17. f3 Ng4 18. Rf2 Nxe3 19. Qxe3 f6 20. Rc1 Bc6 21. Rxc4 Rd8 22. Rf1 Rd7 23. Nc3 Rad8 24. Rh4 Qf5 25. b4 Rd4 26. b5 Rxh4 27. gxh4 Be8 28. c6 Rd4 29. Ne4 Qh3 30. c7 Bxb5 31. Rc1 Bd7 32. Qb3+ Kf8 33. Qa3+ Kf7 34. Qb3+ Kg6 35. Nf2 Qf5 36. Qc2 Bc8 37. Qxf5+ Kxf5 38. Ne4 Ke6 39. Kf2 Kd7 40. h5 Ke7 41. Rg1 g6 42. hxg6 hxg6 43. Rxg6 Rc4 44. Rg7+ Kf8 45. Rh7 Bf5 46. Rh8+ Ke7 47. Rg8 Be6 48. Rg7+ Kf8 0-1


[Site "https://www.chess.com"]

[Event "Titled Tuesday Blitz December 27 Late 2022"]
[White "Sreyas Payyappat"]
[Black "Hernandez Bonilla, Amelia"]
[WhiteFideId "46674969"]
[BlackFideId "3900193"]
[WhiteElo "2076"]
[BlackElo "1960"]
[Result "1-0"]
[Round "08"]
[TimeControl "180+2"]
[Date "2022.12.27"]
[WhiteClock "0:00:57"]
[BlackClock "0:00:09"]

1. e4 c5 2. Nf3 d6 3. d4 cxd4 4. Nxd4 Nf6 5. Nc3 Nc6 6. Bg5 e6 7. Qd2 Bd7 8. O-O-O a6 9. f4 b5 10. a3 h6 11. Bxf6 Qxf6 12. Nxc6 Bxc6 13. Bd3 Qd8 14. Rhf1 Be7 15. Rde1 O-O 16. f5 Bg5 17. Re3 Qb6 18. Nd1 exf5 19. Rxf5 Bxe3 20. Nxe3 Rfe8 21. Rf4 Qd4 22. Nf5 Qg1+ 23. Rf1 Qxh2 24. Qc3 Qe5 25. Qxc6 Red8 26. Qb7 Qe6 27. Nd4 Qg6 28. e5 Qg5+ 29. Kb1 dxe5 30. Qxf7+ Kh8 31. Ne6 Qxg2 32. Nxd8 Rxd8 33. Qf5 Rxd3 34. Qxd3 1-0


[Site "https://www.chess.com"]

[Event "Titled Tuesday Blitz December 27 Late 2022"]
[White "Stankovic, Ivan G"]
[Black "Denishev, Marat"]
[WhiteFideId "902837"]
[BlackFideId "24131563"]
[WhiteElo "2302"]
[BlackElo "2255"]
[Result "0-1"]
[Round "08"]
[TimeControl "180+2"]
[Date "2022.12.27"]
[WhiteClock "0:00:07"]
[BlackClock "0:00:06"]

1. e4 Nf6 2. e5 Nd5 3. d4 d6 4. c4 Nb6 5. exd6 exd6 6. Nc3 Be7 7. h3 Bf5 8. Nf3 O-O 9. Be3 Nc6 10. Be2 Bf6 11. O-O Re8 12. Rc1 d5 13. c5 Nc8 14. a3 N8e7 15. b4 a6 16. Qb3 Bg6 17. Rfd1 Qd7 18. b5 Na5 19. Qb4 axb5 20. Nxb5 Nf5 21. Rc3 c6 22. Nd6 Nxd6 23. cxd6 b5 24. a4 Nc4 25. axb5 cxb5 26. Bxc4 bxc4 27. Qc5 Be4 28. Bf4 Rec8 29. Qb6 Rab8 30. Qa5 h6 31. Ne5 Qxd6 32. Rg3 g5 33. h4 Qe7 34. hxg5 hxg5 35. Nc6 Rxc6 36. Bxb8 Bg6 37. Re3 Qd7 38. Be5 Bd8 39. Qc3 f6 40. Bg3 Be4 41. f3 Bd3 42. Rc1 Rb6 43. Qe1 Kf7 44. Ra1 Bf5 45. Rea3 Rb7 46. Ra6 Qe7 47. Qd2 Bc7 48. Bxc7 Rxc7 49. R6a5 c3 50. Qc1 c2 51. Rxd5 Bd3 52. Rc5 Rxc5 53. dxc5 Qxc5+ 54. Kh1 Kg6 55. Qd2 Qd4 56. Rc1 Qc4 57. Kg1 Bf5 58. Qe3 Qc6 59. Kf2 Qd7 60. g4 Bd3 61. Qd2 Qb5 62. Qe3 Kf7 63. Kg2 Bg6 64. Kg3 Qd7 65. Qc5 Qd2 66. Qg1 Qf4+ 67. Kg2 Bd3 68. Re1 Qd2+ 69. Qf2 c1=Q 70. Rxc1 Qxc1 71. Qd4 Qd2+ 72. Kg3 Qe1+ 73. Kg2 Qf1+ 74. Kg3 Qe1+ 75. Kg2 Bf1+ 76. Kh2 Qh4+ 77. Kg1 Bb5 78. Qa7+ Kg6 79. Qf2 Qxf2+ 80. Kxf2 Bc6 81. Ke3 f5 82. f4 fxg4 83. fxg5 Kxg5 84. Kf2 Kf4 85. Kg1 g3 0-1


[Site "https://www.chess.com"]

[Event "Titled Tuesday Blitz December 27 Late 2022"]
[White "Subelj, Jan"]
[Black "Karas, Marek"]
[WhiteFideId "14618583"]
[BlackFideId "14928558"]
[WhiteElo "2513"]
[BlackElo "2227"]
[Result "0-1"]
[Round "08"]
[TimeControl "180+2"]
[Date "2022.12.27"]
[WhiteClock "0:01:05"]
[BlackClock "0:00:58"]

1. g3 e5 2. Bg2 Nc6 3. c3 Nf6 4. d4 d5 5. dxe5 Nxe5 6. Nf3 Nxf3+ 7. exf3 c6 8. O-O Be7 9. Re1 O-O 10. Nd2 Bf5 11. Nb3 Re8 12. Nd4 Bg6 13. h4 Bf8 14. Rxe8 Qxe8 15. g4 h6 16. Ne2 Bd6 17. Bf4 Bxf4 18. Nxf4 Qe5 19. Qd2 Re8 20. Kf1 Bh7 21. Re1 Qxe1+ 22. Qxe1 Rxe1+ 23. Kxe1 Kf8 24. Kd2 Ke7 25. g5 hxg5 26. hxg5 Nd7 27. Ne2 Ne5 28. b3 Kd6 29. f4 Nd7 30. Bh3 Nc5 31. f3 Bb1 32. b4 Ne6 33. a3 b6 34. Ke3 c5 35. bxc5+ bxc5 36. Bxe6 fxe6 37. Ng3 g6 38. Nh1 Bf5 39. Nf2 Kc6 40. Ng4 Kb5 41. Ne5 Ka4 42. Nc6 a6 43. Nb8 a5 44. Nc6 Kb3 45. Nxa5+ Kxc3 46. Ke2 d4 47. Nb7 d3+ 48. Kd1 d2 49. Nxc5 Bc2+ 0-1


[Site "https://www.chess.com"]

[Event "Titled Tuesday Blitz December 27 Late 2022"]
[White "Sukandar, Irine Kharisma"]
[Black "Vakhlamov, Igor L."]
[WhiteFideId "7101937"]
[BlackFideId "24126748"]
[WhiteElo "2390"]
[BlackElo "2413"]
[Result "0-1"]
[Round "08"]
[TimeControl "180+2"]
[Date "2022.12.27"]
[WhiteClock "0:00:51"]
[BlackClock "0:01:06"]

1. e4 c5 2. Nc3 g6 3. d4 cxd4 4. Qxd4 Nf6 5. Nf3 Nc6 6. Qa4 d6 7. e5 Ng4 8. Bb5 Nxe5 9. Nxe5 dxe5 10. Bxc6+ bxc6 11. Qxc6+ Bd7 12. Qd5 Bg7 13. Bg5 Qc8 14. O-O Rb8 15. Ne4 Bc6 16. Qc5 f6 17. Bxf6 Bxf6 18. Nxf6+ exf6 19. Qd6 Kf7 20. f4 Rd8 21. Qc5 Rd2 22. Rf2 Rxf2 23. Kxf2 exf4 24. Re1 Rb7 25. Qc4+ Kg7 26. Re6 Rc7 27. Rd6 Bxg2 28. Qxf4 Rxc2+ 29. Kg3 Qf5 30. Qxf5 gxf5 31. Rd7+ Kg6 32. Rxa7 Rxb2 33. h4 Bd5 34. a3 Rg2+ 35. Kf4 Rg4+ 36. Ke3 Rxh4 37. Rd7 f4+ 38. Kf2 Be4 39. Rd4 f5 40. a4 Rh2+ 41. Kf1 Ra2 42. Rb4 Kg5 43. Rb8 f3 44. a5 Rxa5 45. Rb2 Kf4 46. Kf2 h5 47. Kg1 Rc5 48. Kh2 Rc2+ 49. Rxc2 Bxc2 50. Kh3 f2 51. Kg2 Ke3 52. Kg3 f4+ 53. Kh4 f3 0-1


[Site "https://www.chess.com"]

[Event "Titled Tuesday Blitz December 27 Late 2022"]
[White "Talibov, Shiroghlan"]
[Black "Kamsky, Gata"]
[WhiteFideId "13429078"]
[BlackFideId "2000024"]
[WhiteElo "2359"]
[BlackElo "2665"]
[Result "1/2-1/2"]
[Round "08"]
[TimeControl "180+2"]
[Date "2022.12.27"]
[WhiteClock "0:01:17"]
[BlackClock "0:01:09"]

1. c4 Nf6 2. Nc3 g6 3. e4 d6 4. d4 Bg7 5. h3 e5 6. d5 a5 7. Be2 Na6 8. Be3 Nc5 9. Qc2 Qe7 10. Nf3 Nh5 11. g3 f5 12. Nd2 Nf6 13. O-O-O Nfxe4 14. Ndxe4 Nxe4 15. Nxe4 fxe4 16. g4 Bf6 17. Qxe4 Bg5 18. h4 Bxe3+ 19. fxe3 Bd7 20. g5 O-O-O 21. Bg4 Rdf8 22. Rdf1 Rxf1+ 23. Rxf1 Rf8 24. Rf3 b6 25. Kd2 Rf7 26. Ke2 Qf8 27. Bxd7+ Kxd7 28. Rxf7+ Qxf7 29. Qf3 Qxf3+ 30. Kxf3 c5 31. a4 1/2-1/2


[Site "https://www.chess.com"]

[Event "Titled Tuesday Blitz December 27 Late 2022"]
[White "Tanenbaum, Zachary"]
[Black "Oparin, Grigoriy"]
[WhiteFideId "2060850"]
[BlackFideId "24125890"]
[WhiteElo "2261"]
[BlackElo "2667"]
[Result "0-1"]
[Round "08"]
[TimeControl "180+2"]
[Date "2022.12.27"]
[WhiteClock "0:00:40"]
[BlackClock "0:01:44"]

1. e4 e5 2. Nf3 Nc6 3. Bc4 Nf6 4. d3 Bc5 5. c3 d6 6. Nbd2 O-O 7. a4 a5 8. Nf1 d5 9. exd5 Nxd5 10. Ng3 Kh8 11. O-O f6 12. h3 Be6 13. Re1 Qd7 14. Qe2 Rae8 15. Bd2 Bb6 16. Rad1 Bf7 17. Bc1 Nf4 18. Qc2 Bg6 19. Bxf4 exf4 20. Ne4 Bh5 21. Ned2 Ne5 22. Nxe5 fxe5 23. Ra1 f3 24. Nxf3 Bxf3 25. gxf3 Rxf3 26. Re2 Rg3+ 27. Kf1 Qxh3+ 28. Ke1 Rg1+ 29. Kd2 Qh6+ 0-1


[Site "https://www.chess.com"]

[Event "Titled Tuesday Blitz December 27 Late 2022"]
[White "TheKnightOfBosnia"]
[Black "Gascon Del Nogal, Jose Rafael"]
[BlackFideId "3902463"]
[WhiteElo "2434"]
[BlackElo "2459"]
[Result "1-0"]
[Round "08"]
[TimeControl "180+2"]
[Date "2022.12.27"]
[WhiteClock "0:00:49"]
[BlackClock "0:00:04"]

1. e4 c5 2. Nf3 d6 3. Bb5+ Bd7 4. Bxd7+ Nxd7 5. O-O Ngf6 6. Qe2 e6 7. b3 Be7 8. Bb2 O-O 9. c4 e5 10. Nc3 Nb8 11. Nd5 Nc6 12. Rab1 Nxd5 13. cxd5 Nd4 14. Bxd4 exd4 15. b4 b6 16. bxc5 dxc5 17. Qc4 Qd7 18. a4 Rfd8 19. Ne5 Qc7 20. Nxf7 Bf6 21. Nxd8 Rxd8 22. d3 Bg5 23. Qb5 Bd2 24. Rfd1 Qf4 25. Qb2 Bc3 26. Qe2 Re8 27. g3 Qe5 28. Qg4 h5 29. Qg6 Rf8 30. f4 Qe7 31. Qxh5 Rf6 32. e5 Rh6 33. Qf3 Qd7 34. d6 Qxa4 35. Qa8+ Kh7 36. Qe4+ g6 37. Rf1 Qc2 38. Qb7+ Kh8 39. Qa8+ Kh7 40. Qxa7+ Kg8 41. Qa8+ Kh7 42. Qg2 Bd2 43. Rxb6 Be3+ 44. Kh1 Qxd3 45. Qb7+ Kg8 46. Qc8+ Kg7 47. Rb7# 1-0


[Site "https://www.chess.com"]

[Event "Titled Tuesday Blitz December 27 Late 2022"]
[White "Theodorou, Nikolas"]
[Black "Martinez Alcantara, Jose Eduardo"]
[WhiteFideId "4262875"]
[BlackFideId "3805662"]
[WhiteElo "2591"]
[BlackElo "2619"]
[Result "1/2-1/2"]
[Round "08"]
[TimeControl "180+2"]
[Date "2022.12.27"]
[WhiteClock "0:00:37"]
[BlackClock "0:00:48"]

1. e4 c5 2. d4 cxd4 3. c3 d3 4. Bxd3 Nc6 5. c4 Nf6 6. Nc3 d6 7. Nge2 e6 8. O-O Be7 9. h3 O-O 10. Bf4 b6 11. Rc1 Bb7 12. Qd2 Ne5 13. Rfd1 a6 14. b3 Qc7 15. a4 Rac8 16. Be3 Ned7 17. Ng3 Rfd8 18. Qe2 Qb8 19. Bc2 Bf8 20. Bb1 Nc5 21. Bc2 Qa8 22. Bg5 Ncd7 23. f4 Rc5 24. Bh4 Qb8 25. Re1 Rdc8 26. Bd3 a5 27. Nb5 h6 28. Nf1 Re8 29. Bf2 e5 30. f5 Rcc8 31. Bc2 Nc5 32. Nc3 Be7 33. Rcd1 Red8 34. Kh1 Bc6 35. Qf3 Qb7 36. Nd5 Bxd5 37. exd5 Kf8 38. Nd2 Ke8 39. Rb1 Qc7 40. Re2 Kd7 41. Ree1 Ke8 42. Re2 Kd7 43. Ree1 Ke8 1/2-1/2


[Site "https://www.chess.com"]

[Event "Titled Tuesday Blitz December 27 Late 2022"]
[White "Tomaszewski, Kacper"]
[Black "Toncheva, Nadya"]
[WhiteFideId "1127373"]
[BlackFideId "2924056"]
[WhiteElo "2313"]
[BlackElo "2295"]
[Result "0-1"]
[Round "08"]
[TimeControl "180+2"]
[Date "2022.12.27"]
[WhiteClock "0:00:01"]
[BlackClock "0:00:07"]

1. e4 c5 2. Nf3 e6 3. c3 d5 4. e5 d4 5. b4 cxb4 6. a3 bxc3 7. dxc3 dxc3 8. Qxd8+ Kxd8 9. Nxc3 Nc6 10. Bb5 Bd7 11. h4 Rc8 12. Bd2 Nge7 13. h5 h6 14. Rh4 Nf5 15. Rf4 a6 16. Bd3 g5 17. hxg6 fxg6 18. g4 g5 19. Rxf5 exf5 20. gxf5 g4 21. e6 gxf3 22. exd7 Kxd7 23. Nd5 Bc5 24. Kf1 h5 25. Bc3 Rhf8 26. f6 Ke6 27. Nf4+ Kd6 28. Rd1 Bd4 29. Bf5 Rce8 30. Bxd4 Nxd4 31. Rxd4+ Ke5 32. Re4+ Kxf5 33. Rxe8 Rxe8 34. Nxh5 Rc8 35. Kg1 Kg5 36. Ng3 Kxf6 37. Ne4+ Ke5 38. Nd2 Rg8+ 39. Kf1 Kf4 40. Ke1 Re8+ 41. Kd1 b5 42. a4 Re2 43. axb5 axb5 44. Nb3 Rxf2 45. Nc5 Rh2 46. Nd3+ Ke3 47. Nb4 f2 48. Nd5+ Kd4 0-1


[Site "https://www.chess.com"]

[Event "Titled Tuesday Blitz December 27 Late 2022"]
[White "Toniutti, Ezio"]
[Black "Matinian, Nikita"]
[WhiteFideId "113034"]
[BlackFideId "24129100"]
[WhiteElo "2224"]
[BlackElo "2407"]
[Result "1-0"]
[Round "08"]
[TimeControl "180+2"]
[Date "2022.12.27"]
[WhiteClock "0:00:01"]
[BlackClock "0:00:01"]

1. d4 Nf6 2. c4 e6 3. g3 Bb4+ 4. Bd2 a5 5. Bg2 O-O 6. e4 d5 7. cxd5 exd5 8. e5 Ne4 9. Ne2 c5 10. O-O Nc6 11. Bf4 Qb6 12. a3 g5 13. axb4 gxf4 14. Nxf4 Be6 15. Nxe6 fxe6 16. Qg4+ Kh8 17. Qxe6 Qxb4 18. Nc3 Nxd4 19. Qxd5 Nxc3 20. bxc3 Qxc3 21. e6 Ne2+ 22. Kh1 Rae8 23. Rae1 Rxf2 24. Qd7 Ref8 25. e7 Rxf1+ 26. Bxf1 Nxg3+ 27. hxg3 Qf3+ 28. Bg2 Qh5+ 29. Kg1 Re8 30. Rf1 Kg7 31. Qe6 Qg6 32. Qd7 Qh5 33. Bd5 1-0


[Site "https://www.chess.com"]

[Event "Titled Tuesday Blitz December 27 Late 2022"]
[White "Torres Dominguez, David"]
[Black "Estrada Nieto, Julian"]
[WhiteFideId "2220857"]
[BlackFideId "5101018"]
[WhiteElo "1994"]
[BlackElo "2215"]
[Result "1/2-1/2"]
[Round "08"]
[TimeControl "180+2"]
[Date "2022.12.27"]
[WhiteClock "0:00:23"]
[BlackClock "0:01:15"]

1. e4 e5 2. Bc4 Nc6 3. Nc3 Nf6 4. d3 Bc5 5. f4 exf4 6. Bxf4 d6 7. Nf3 Nd4 8. Nxd4 Bxd4 9. Ne2 Bxb2 10. Rb1 Be5 11. O-O Bxf4 12. Nxf4 O-O 13. Qf3 Rb8 14. Nh5 Nxh5 15. Qxh5 Be6 16. Bxe6 fxe6 17. Rxf8+ Qxf8 18. Qa5 b6 19. Qxa7 Qc8 20. Qa4 Ra8 21. Qc4 Qd7 22. Qb3 Rf8 23. Rf1 Rxf1+ 24. Kxf1 Kf8 25. Qc3 Qf7+ 26. Kg1 e5 27. Qc6 Qe7 28. h3 g6 29. a4 Kg7 30. Qd5 c5 31. Qc6 Qd8 32. Kf2 Kf6 33. Kg1 h5 34. Kf2 g5 35. g4 hxg4 36. hxg4 Ke7 37. Qb7+ Qd7 38. Qxd7+ Kxd7 39. c4 Kc6 40. Ke2 Kb7 41. Kd2 Ka6 42. Kc3 Ka5 43. Kb3 Ka6 44. Ka3 Kb7 45. Kb3 Kc6 46. Ka3 Kb7 47. Kb3 Ka6 48. Ka3 Ka7 49. Kb3 Kb7 50. Ka3 Ka6 51. Kb3 Ka5 52. Ka3 Ka6 53. Kb3 Ka5 54. Ka3 Ka6 1/2-1/2


[Site "https://www.chess.com"]

[Event "Titled Tuesday Blitz December 27 Late 2022"]
[White "Vaibhav Jayant Raut"]
[Black "Baskakov, Egor"]
[WhiteFideId "5089034"]
[BlackFideId "24197866"]
[WhiteElo "2237"]
[BlackElo "2215"]
[Result "1/2-1/2"]
[Round "08"]
[TimeControl "180+2"]
[Date "2022.12.27"]
[WhiteClock "0:00:03"]
[BlackClock "0:00:13"]

1. c4 Nf6 2. g3 e6 3. Bg2 d5 4. d4 Be7 5. Nf3 O-O 6. O-O Ne4 7. Nbd2 f5 8. Nxe4 fxe4 9. Ne5 c6 10. f4 Nd7 11. Nxd7 Bxd7 12. e3 Bd6 13. c5 Bc7 14. Bd2 Qe7 15. b4 Kh8 16. h4 g6 17. Bc3 h6 18. Bxe4 dxe4 19. d5+ Kh7 20. d6 Bxd6 21. cxd6 Qf7 22. Qd4 c5 23. bxc5 Bc6 24. g4 Rad8 25. Rf2 Rd7 26. Raf1 Rg8 27. Kh2 Bb5 28. Qxe4 Bxf1 29. Rxf1 h5 30. gxh5 Qf5 31. hxg6+ Rxg6 32. Qxf5 exf5 33. Be5 Kh6 34. Rf3 Kh5 35. Rg3 Rg4 36. Kg2 Kxh4 37. Rxg4+ Kxg4 38. Kf2 Kh5 39. Kf3 Kg6 40. e4 fxe4+ 41. Kxe4 Rh7 42. f5+ Kf7 43. Kd5 Rh1 44. f6 Rd1+ 45. Bd4 Ke8 46. a4 Kd7 47. Ke5 Re1+ 48. Kd5 Rd1 49. a5 a6 50. Ke4 Re1+ 51. Kf5 Rf1+ 52. Ke4 Ke6 53. Kd3 Rc1 54. Ke4 Re1+ 55. Kd3 Rc1 56. Ke4 Re1+ 57. Kd3 Rc1 1/2-1/2


[Site "https://www.chess.com"]

[Event "Titled Tuesday Blitz December 27 Late 2022"]
[White "Vasquez Schroeder, Rodrigo"]
[Black "Korchmar, Vasiliy"]
[WhiteFideId "3400042"]
[BlackFideId "24131750"]
[WhiteElo "2524"]
[BlackElo "2438"]
[Result "1-0"]
[Round "08"]
[TimeControl "180+2"]
[Date "2022.12.27"]
[WhiteClock "0:00:22"]
[BlackClock "0:00:02"]

1. e4 c5 2. Nf3 d6 3. d4 cxd4 4. Nxd4 Nf6 5. Nc3 Nc6 6. Bg5 Bd7 7. Qd2 a6 8. Bxf6 gxf6 9. f4 Rc8 10. Nb3 b5 11. a3 f5 12. Bd3 fxe4 13. Bxe4 Bg7 14. O-O O-O 15. Kh1 Na5 16. Nxa5 Qxa5 17. Rf3 f5 18. Bd5+ e6 19. Bb3 d5 20. Rg3 Kh8 21. Rd1 Be8 22. Qe3 Bh5 23. Rd3 Qc7 24. Rg5 Bg6 25. Ne2 a5 26. c3 b4 27. axb4 axb4 28. Nd4 bxc3 29. bxc3 Rfe8 30. h4 e5 31. fxe5 Rxe5 32. Qf2 Rce8 33. Nf3 Re2 34. Qf1 f4 35. Rxg6 hxg6 36. Bxd5 Qe7 37. Kh2 Qf6 38. Bc4 Rb2 39. Qd1 Qf5 40. Rd5 Qg4 41. Bf1 Qg3+ 42. Kh1 Bf6 43. Rd6 Kg7 44. Rxf6 Kxf6 45. Qd4+ Kf7 46. Ng5+ Kf8 47. Qf6+ Kg8 48. Qf7+ 1-0


[Site "https://www.chess.com"]

[Event "Titled Tuesday Blitz December 27 Late 2022"]
[White "Vega Gutierrez, Sabrina"]
[Black "Arencibia Monduy, Antonio"]
[WhiteFideId "2219026"]
[BlackFideId "3507939"]
[WhiteElo "2377"]
[BlackElo "2122"]
[Result "0-1"]
[Round "08"]
[TimeControl "180+2"]
[Date "2022.12.27"]
[WhiteClock "0:00:01"]
[BlackClock "0:00:08"]

1. e4 c5 2. Nf3 d6 3. d4 cxd4 4. Qxd4 Nc6 5. Bb5 Bd7 6. Bxc6 Bxc6 7. Nc3 Nf6 8. Bg5 e6 9. O-O-O Be7 10. Qd3 Qa5 11. h4 O-O-O 12. Nd4 h6 13. Bd2 Qb6 14. f3 d5 15. e5 Nd7 16. f4 Kb8 17. h5 Nc5 18. Qe2 Rc8 19. Be3 Qa5 20. Kb1 Na4 21. Nxa4 Bxa4 22. Rh3 Rhg8 23. Bc1 Bd7 24. g4 Rc4 25. a3 Rgc8 26. f5 Qb6 27. Rb3 Qa6 28. Rg3 Bf8 29. fxe6 fxe6 30. Rf3 Qb6 31. Rdf1 Qxd4 32. Rxf8 Qxg4 33. Rxc8+ Bxc8 34. Qf2 Qxh5 35. Rg1 Rc7 36. Qf8 Qf7 37. Qd8 Rd7 38. Qh8 b6 39. Ka1 Kb7 40. Be3 Rc7 41. c3 g5 42. Bd4 Qh7 43. Qf8 Bd7 44. Rh1 h5 45. Qf6 g4 46. Qg5 Be8 47. Rh4 Qg7 48. Qd8 Rc8 49. Qd6 Qf7 50. a4 Bxa4 0-1


[Site "https://www.chess.com"]

[Event "Titled Tuesday Blitz December 27 Late 2022"]
[White "Vifleemskaia, Svetlana"]
[Black "Moreno Perez, Tobias Sebastian"]
[WhiteFideId "4129490"]
[BlackFideId "186716"]
[WhiteElo "1971"]
[BlackElo "2256"]
[Result "1-0"]
[Round "08"]
[TimeControl "180+2"]
[Date "2022.12.27"]
[WhiteClock "0:01:08"]
[BlackClock "0:00:46"]

1. d4 d6 2. c4 Nf6 3. Nc3 Bf5 4. g3 g6 5. Bg2 c6 6. e4 Bg4 7. Nge2 Bg7 8. O-O O-O 9. h3 Bxe2 10. Qxe2 c5 11. d5 Nfd7 12. Qc2 a6 13. a4 b5 14. axb5 Nb6 15. b3 axb5 16. Rxa8 Nxa8 17. Nxb5 Na6 18. Bd2 N8c7 19. Nxc7 Qxc7 20. Bc3 Nb4 21. Qb2 Bxc3 22. Qxc3 Ra8 23. f4 Ra2 24. e5 Rc2 25. Qe3 Qa7 26. f5 Qa2 27. Be4 Re2 28. Qf3 g5 29. f6 e6 30. dxe6 fxe6 31. f7+ Kf8 32. Qf6 Rxe4 33. Qh8+ Ke7 34. Qe8# 1-0


[Site "https://www.chess.com"]

[Event "Titled Tuesday Blitz December 27 Late 2022"]
[White "Vlassov, Nikolai"]
[Black "Avila Pavas, Santiago"]
[WhiteFideId "4103360"]
[BlackFideId "4437128"]
[WhiteElo "2283"]
[BlackElo "2522"]
[Result "1-0"]
[Round "08"]
[TimeControl "180+2"]
[Date "2022.12.27"]
[WhiteClock "0:00:31"]
[BlackClock "0:00:01"]

1. e4 Nf6 2. e5 Nd5 3. d4 d6 4. c4 Nb6 5. exd6 cxd6 6. Nc3 g6 7. a4 Bg7 8. a5 N6d7 9. Nf3 O-O 10. Be2 e5 11. O-O Nc6 12. dxe5 dxe5 13. a6 h6 14. axb7 Bxb7 15. Nb5 e4 16. Nd2 Nc5 17. Nb3 Nd3 18. Bxd3 exd3 19. Nc5 Bc8 20. Qxd3 Qxd3 21. Nxd3 Bf5 22. Nc5 Ne5 23. Nd6 Bc2 24. Ra6 Rfd8 25. b4 Nd3 26. Ba3 Nf4 27. Re1 Nd3 28. Nxd3 Bxd3 29. b5 Bf8 30. Rc1 Rd7 31. f3 Rad8 32. Ne4 Bxe4 33. fxe4 Bg7 34. Bc5 Rc7 35. Be3 Rdc8 36. c5 Rb7 37. Ra5 Be5 38. c6 Rbc7 39. Rxa7 1-0


[Site "https://www.chess.com"]

[Event "Titled Tuesday Blitz December 27 Late 2022"]
[White "Wang, Alexander J"]
[Black "Kozin, Yuri"]
[WhiteFideId "30955270"]
[BlackFideId "4129920"]
[WhiteElo "1815"]
[BlackElo "2251"]
[Result "1-0"]
[Round "08"]
[TimeControl "180+2"]
[Date "2022.12.27"]
[WhiteClock "0:00:31"]
[BlackClock "0:00:07"]

1. e4 c5 2. Nf3 e6 3. d4 cxd4 4. Nxd4 a6 5. Nc3 Qc7 6. g3 Nf6 7. Bg2 Bb4 8. Ne2 d5 9. exd5 Nxd5 10. O-O Nxc3 11. bxc3 Bd6 12. Be3 O-O 13. Rb1 Rd8 14. Qc1 Nc6 15. Bb6 Qe7 16. Bxd8 Nxd8 17. Nd4 Qc7 18. Qb2 e5 19. Nb3 Be6 20. Nd2 Rb8 21. Ne4 Be7 22. a4 Bc4 23. Rfe1 b5 24. axb5 axb5 25. Qc1 Ne6 26. Qe3 h6 27. h4 Nf8 28. Nd2 Be6 29. Qxe5 Qc8 30. Ne4 Ng6 31. Qd4 Bh3 32. Nd6 Qd7 33. Nxb5 Rxb5 34. Bxh3 Qxh3 35. Rxb5 Bf6 36. Qe4 Kh7 37. Rf1 Bxc3 38. h5 Bf6 39. hxg6+ fxg6 40. Qg2 Qg4 41. Rbb1 Qc4 42. Rbc1 Qc3 43. Rcd1 Qxc2 44. Rde1 h5 45. Qe4 Qc5 46. Re3 Bg5 47. Rf3 Bf6 48. Rxf6 gxf6 49. Re1 Kh6 50. Qe7 Qc3 51. Qe3+ Qxe3 52. Rxe3 f5 53. Kg2 Kg5 54. Kf3 Kf6 55. Ra3 Kg5 56. Ra6 Kh6 57. Kf4 h4 58. gxh4 Kh5 59. Kg3 g5 60. hxg5 Kxg5 1-0


[Site "https://www.chess.com"]

[Event "Titled Tuesday Blitz December 27 Late 2022"]
[White "Xiong, Jeffery"]
[Black "Putnam, Liam"]
[WhiteFideId "2047640"]
[BlackFideId "30938279"]
[WhiteElo "2692"]
[BlackElo "2285"]
[Result "0-1"]
[Round "08"]
[TimeControl "180+2"]
[Date "2022.12.27"]
[WhiteClock "0:00:04"]
[BlackClock "0:00:27"]

1. a3 e5 2. c4 Nf6 3. d3 d5 4. cxd5 Nxd5 5. Nf3 Bd6 6. e4 Nf6 7. d4 exd4 8. e5 Qe7 9. Qxd4 Ng4 10. Bb5+ Nc6 11. Bg5 f6 12. O-O Nxe5 13. Nxe5 Qxe5 14. Qxe5+ Bxe5 15. Bxc6+ bxc6 16. Be3 Bxb2 17. Ra2 Rb8 18. Bxa7 Rb7 19. Bc5 Be6 20. Rxb2 Rxb2 21. Nc3 Kf7 22. Rc1 Rd8 23. h3 Rd3 24. Be3 Rb3 25. Ne4 Rxa3 26. Rxc6 Rd7 27. Nc5 Rc3 28. Ra6 Re7 29. Ra1 Bd5 30. Bd4 Rc4 31. Be3 Rxe3 0-1


[Site "https://www.chess.com"]

[Event "Titled Tuesday Blitz December 27 Late 2022"]
[White "Yuan, Qingyu"]
[Black "Kavutskiy, Konstantin"]
[WhiteFideId "8609772"]
[BlackFideId "2026384"]
[WhiteElo "2373"]
[BlackElo "2414"]
[Result "1-0"]
[Round "08"]
[TimeControl "180+2"]
[Date "2022.12.27"]
[WhiteClock "0:00:06"]
[BlackClock "0:00:16"]

1. e4 Nc6 2. Nf3 d6 3. d4 Nf6 4. d5 Nb8 5. Bd3 g6 6. h3 Bg7 7. c4 O-O 8. O-O Nbd7 9. Nc3 c6 10. Be3 Qc7 11. Rc1 Re8 12. Qd2 a5 13. Rfd1 a4 14. Bc2 a3 15. b4 c5 16. Nb5 Qb8 17. bxc5 Nxc5 18. Bxc5 dxc5 19. e5 Nd7 20. d6 exd6 21. exd6 Nf6 22. Nc7 Bd7 23. Nxe8 Qxe8 24. Re1 Qd8 25. Ne5 Be6 26. Rb1 Nd7 27. Nxd7 Qxd7 28. Be4 Ra7 29. Rb6 Bd4 30. Bd5 Bxd5 31. cxd5 Ra8 32. Qf4 Re8 33. Rxe8+ Qxe8 34. g3 Qd7 35. Kg2 Kg7 36. Rb3 b5 37. Rxa3 b4 38. Ra6 h5 39. Rc6 Qd8 40. Rc7 Qe8 41. Re7 Qf8 42. h4 Bf6 43. Rc7 Bd4 44. d7 Qa8 45. Qd6 Bf6 46. Rc8 Qxa2 47. d8=Q Bxd8 48. Qxd8 1-0


[Site "https://www.chess.com"]

[Event "Titled Tuesday Blitz December 27 Late 2022"]
[White "Yurasova, Daria"]
[Black "Melikyan, Gnel"]
[WhiteFideId "34146919"]
[BlackFideId "54109990"]
[WhiteElo "2095"]
[BlackElo "2238"]
[Result "1/2-1/2"]
[Round "08"]
[TimeControl "180+2"]
[Date "2022.12.27"]
[WhiteClock "0:00:16"]
[BlackClock "0:00:08"]

1. d4 Nf6 2. Bg5 d5 3. Bxf6 exf6 4. e3 c6 5. g3 Bf5 6. Bg2 Qb6 7. b3 Bb4+ 8. Nd2 Nd7 9. Nf3 Qa5 10. O-O Bc3 11. Rc1 Qxa2 12. Nh4 Be6 13. e4 Bxd4 14. c3 Be5 15. exd5 cxd5 16. c4 dxc4 17. Nxc4 O-O 18. Bxb7 Rab8 19. Bc6 Qxb3 20. Bxd7 Bxc4 21. Qxb3 Bxb3 22. Nf3 Bd6 23. Nd4 Bd5 24. Nf5 Rfd8 25. Ba4 Be6 26. Nxd6 Rxd6 27. Rc7 Ra6 28. Bd7 Bd5 29. Rfc1 g6 30. Bh3 Ra2 31. Rd1 Bf3 32. Rf1 Rb7 33. Rc3 Be2 34. Re1 Rab2 35. Bg2 Rb1 36. Bxb7 Rxe1+ 37. Kg2 Bf1+ 38. Kf3 Rb1 39. Bd5 Rb5 40. Ba2 Ra5 41. Bb3 Ra3 42. Bxf7+ Kxf7 43. Rxa3 a6 44. Ke3 Bb5 45. Kd4 Ke6 46. Kc5 Kf5 47. f3 h5 48. Kd6 Be2 49. Rc3 Kg5 50. Ke6 f5 51. Kf7 f4 52. Rc6 fxg3 53. hxg3 Bxf3 54. Rxg6+ Kf5 55. Rxa6 Kg4 56. Rg6+ Kh3 57. Kf6 Bg4 58. Kg5 Kxg3 59. Rd6 h4 60. Rd3+ Bf3 61. Rd8 h3 62. Rh8 h2 63. Rxh2 Kxh2 1/2-1/2


[Site "https://www.chess.com"]